2519 views
Uploaded 2024-03-07 02:47:37
Game version 1.36 (6115)
50:29 long 1on2 custom game on (8)TwilightRuins_LV
Game name "AlRoss"
Saved by Alex11Chr
2519 views
Uploaded 2024-03-07 02:47:37
Game version 1.36 (6115)
50:29 long 1on2 custom game on (8)TwilightRuins_LV
Game name "AlRoss"


150 units @ 20.6k
/ 2.9k
108 buildings @ 11.4k
/ 5.8k



| Potion of Healing | 12 | 1800 |
| Potion of Mana | 7 | 1400 |
| Scroll of Regeneration | 3 | 300 |
| Scroll of Town Portal | 3 | 1050 |
| Scroll of Healing | 2 | 500 |
| Scroll of Protection | 2 | 300 |
| total: | 29 | 5350g |
| Peasant | 23 | 1725 | / | 0 |
| Footman | 2 | 270 | / | 0 |
| Rifleman | 11 | 2255 | / | 330 |
| Priest | 7 | 945 | / | 70 |
| Gryphon Rider | 7 | 1960 | / | 490 |
| Sorceress | 4 | 620 | / | 80 |
| total: | 54 | 7775g | / | 970w |
| Scout Tower | 46 | 1380 | / | 920 |
| Arcane Tower | 12 | 840 | / | 600 |
| Guard Tower | 19 | 1330 | / | 950 |
| Altar of Kings | 2 | 360 | / | 100 |
| Farm | 11 | 880 | / | 220 |
| Barracks | 1 | 160 | / | 60 |
| Lumber Mill | 1 | 120 | / | 0 |
| Blacksmith | 1 | 140 | / | 60 |
| Arcane Vault | 2 | 260 | / | 60 |
| Town Hall | 5 | 1925 | / | 1025 |
| Cannon Tower | 12 | 1440 | / | 1200 |
| Arcane Sanctum | 1 | 150 | / | 140 |
| Gryphon Aviary | 1 | 140 | / | 150 |
| Workshop | 1 | 140 | / | 140 |
| Keep | 1 | 320 | / | 210 |
| Castle | 1 | 360 | / | 210 |
| total: | 72 | 5655g | / | 2875w |
| 0:06 | Altar of Kings |
| 0:10 | Farm |
| 0:11 | Peasant |
| 0:12 | Peasant |
| 0:21 | Barracks |
| 0:47 | Lumber Mill |
| 0:54 | Farm |
| 1:07 | Peasant |
| 1:23 | Peasant |
| 1:45 | Improved Lumber Harvesting |
| 2:03 | Peasant |
| 2:03 | Peasant |
| 2:11 | Footman |
| 2:24 | Blacksmith |
| 2:56 | Arcane Vault |
| 2:58 | Peasant |
| 2:59 | Peasant |
| 3:13 | Footman |
| 3:31 | Breath of Fire |
| 3:39 | Keep |
| 3:57 | Farm |
| 4:23 | Iron Plating |
| 4:26 | Iron Forged Swords |
| 5:00 | Scout Tower |
| 5:02 | Rifleman |
| 5:02 | Rifleman |
| 5:03 | Rifleman |
| 5:39 | Scout Tower |
| 5:47 | Farm |
| 5:52 | Drunken Haze |
| 6:07 | Farm |
| 6:12 | Arcane Sanctum |
| 6:13 | Advanced Lumber Harvesting |
| 6:45 | Peasant |
| 6:47 | Peasant |
| 7:10 | Gryphon Aviary |
| 7:16 | Farm |
| 7:43 | Breath of Fire |
| 7:46 | Holy Light |
| 7:49 | Town Hall |
| 8:05 | Farm |
| 8:06 | Priest Adept Training |
| 9:09 | Workshop |
| 9:21 | Scout Tower |
| 9:39 | Arcane Tower |
| 9:42 | Guard Tower |
| 9:59 | Scout Tower |
| 10:05 | Peasant |
| 10:05 | Peasant |
| 10:19 | Scout Tower |
| 10:26 | Guard Tower |
| 11:27 | Scout Tower |
| 11:30 | Castle |
| 11:50 | Long Rifles |
| 11:57 | Rifleman |
| 12:00 | Rifleman |
| 12:00 | Rifleman |
| 12:05 | Scout Tower |
| 12:42 | Scroll of Town Portal |
| 12:43 | Potion of Healing |
| 12:43 | Potion of Mana |
| 12:43 | Potion of Healing |
| 12:44 | Potion of Mana |
| 12:47 | Peasant |
| 12:47 | Peasant |
| 12:48 | Peasant |
| 12:49 | Peasant |
| 12:52 | Scout Tower |
| 12:54 | Cannon Tower |
| 12:55 | Arcane Tower |
| 13:09 | Peasant |
| 13:16 | Drunken Haze |
| 13:18 | Devotion Aura |
| 14:06 | Scout Tower |
| 14:30 | Cannon Tower |
| 14:32 | Guard Tower |
| 14:36 | Scout Tower |
| 14:39 | Scout Tower |
| 14:41 | Guard Tower |
| 14:47 | Peasant |
| 14:48 | Peasant |
| 15:03 | Peasant |
| 15:07 | Scout Tower |
| 15:10 | Scout Tower |
| 15:14 | Arcane Vault |
| 15:17 | Arcane Tower |
| 15:21 | Scout Tower |
| 15:28 | Storm Bolt |
| 15:42 | Scout Tower |
| 15:45 | Scout Tower |
| 15:54 | Scout Tower |
| 15:59 | Storm Hammers |
| 16:19 | Scout Tower |
| 16:21 | Cannon Tower |
| 16:49 | Potion of Healing |
| 16:50 | Potion of Mana |
| 17:03 | Potion of Healing |
| 17:03 | Potion of Healing |
| 17:11 | Guard Tower |
| 17:14 | Guard Tower |
| 17:38 | Guard Tower |
| 17:39 | Cannon Tower |
| 17:42 | Scout Tower |
| 17:47 | Scout Tower |
| 18:01 | Scroll of Regeneration |
| 18:37 | Guard Tower |
| 18:38 | Guard Tower |
| 18:39 | Cannon Tower |
| 18:41 | Rifleman |
| 18:41 | Rifleman |
| 18:41 | Rifleman |
| 18:43 | Priest Master Training |
| 18:43 | Priest |
| 18:44 | Priest |
| 18:44 | Priest |
| 18:44 | Priest |
| 18:53 | Potion of Healing |
| 18:53 | Potion of Mana |
| 18:56 | Scroll of Town Portal |
| 19:30 | Arcane Tower |
| 19:33 | Scout Tower |
| 19:34 | Gryphon Rider |
| 19:35 | Gryphon Rider |
| 19:35 | Gryphon Rider |
| 19:46 | Potion of Healing |
| 19:46 | Potion of Healing |
| 20:02 | Studded Leather Armor |
| 20:08 | Arcane Tower |
| 20:15 | Potion of Healing |
| 20:16 | Potion of Mana |
| 20:17 | Scroll of Regeneration |
| 20:43 | Steel Plating |
| 20:52 | Farm |
| 20:55 | Farm |
| 21:02 | Improved Masonry |
| 21:35 | Farm |
| 21:39 | Farm |
| 21:47 | Altar of Kings |
| 22:08 | Sorceress Adept Training |
| 22:13 | Black Gunpowder |
| 22:19 | Advanced Masonry |
| 23:13 | Gryphon Rider |
| 23:13 | Gryphon Rider |
| 23:14 | Gryphon Rider |
| 23:16 | Rifleman |
| 23:16 | Rifleman |
| 23:45 | Scroll of Regeneration |
| 23:46 | Potion of Mana |
| 24:28 | Town Hall |
| 24:45 | Sorceress Master Training |
| 24:50 | Reinforced Leather Armor |
| 25:20 | Imbued Masonry |
| 25:39 | Mithril Plating |
| 25:55 | Scout Tower |
| 26:02 | Scout Tower |
| 26:17 | Scout Tower |
| 27:10 | Devotion Aura |
| 27:15 | Scout Tower |
| 27:17 | Peasant |
| 27:17 | Peasant |
| 27:21 | Scout Tower |
| 27:49 | Scout Tower |
| 27:53 | Cannon Tower |
| 28:00 | Arcane Tower |
| 28:11 | Guard Tower |
| 28:56 | Potion of Healing |
| 29:04 | Bash |
| 29:40 | Potion of Mana |
| 29:44 | Potion of Healing |
| 30:18 | Priest |
| 30:24 | Priest |
| 30:34 | Arcane Tower |
| 31:23 | Scroll of Town Portal |
| 31:42 | Potion of Healing |
| 31:56 | Drunken Haze |
| 32:43 | Sorceress |
| 32:43 | Sorceress |
| 32:48 | Sorceress |
| 32:52 | Divine Shield |
| 33:02 | Scout Tower |
| 33:10 | Cannon Tower |
| 33:44 | Peasant |
| 34:04 | Scout Tower |
| 34:13 | Scout Tower |
| 34:37 | Scout Tower |
| 34:39 | Cannon Tower |
| 34:51 | Town Hall |
| 34:54 | Scout Tower |
| 35:01 | Arcane Tower |
| 35:10 | Guard Tower |
| 35:25 | Scout Tower |
| 35:58 | Scout Tower |
| 35:59 | Guard Tower |
| 36:00 | Arcane Tower |
| 36:51 | Scout Tower |
| 36:52 | Cannon Tower |
| 37:32 | Scroll of Protection |
| 37:33 | Scroll of Protection |
| 37:43 | Scroll of Healing |
| 37:43 | Scroll of Healing |
| 37:52 | Dragonhide Armor |
| 38:16 | Steel Forged Swords |
| 38:41 | Gryphon Rider |
| 38:48 | Priest |
| 38:52 | Refined Gunpowder |
| 39:10 | Guard Tower |
| 39:15 | Scout Tower |
| 39:19 | Guard Tower |
| 39:26 | Scout Tower |
| 40:29 | Bash |
| 40:34 | Breath of Fire |
| 40:43 | Holy Light |
| 40:58 | Scout Tower |
| 40:59 | Cannon Tower |
| 41:04 | Scout Tower |
| 41:49 | Storm Bolt |
| 41:52 | Scout Tower |
| 41:53 | Guard Tower |
| 42:57 | Scout Tower |
| 42:59 | Guard Tower |
| 43:00 | Cannon Tower |
| 43:05 | Scout Tower |
| 43:32 | Scout Tower |
| 43:35 | Arcane Tower |
| 43:36 | Arcane Tower |
| 43:39 | Scout Tower |
| 43:42 | Imbued Gunpowder |
| 43:43 | Mithril Forged Swords |
| 44:08 | Scout Tower |
| 44:11 | Guard Tower |
| 44:12 | Cannon Tower |
| 44:15 | Scout Tower |
| 44:50 | Guard Tower |
| 44:53 | Arcane Tower |
| 45:31 | Town Hall |
| 45:50 | Resurrection |
| 46:01 | Guard Tower |
| 46:13 | Sorceress |
| 47:46 | Storm Bolt |
| 48:01 | Town Hall |
| 49:58 | Drunken Brawler |
| Right click | 2584 |
| Select group | 714 |
| Select | 533 |
| Build/train/purchase | 214 |
| Use ability | 98 |
| Assign group | 66 |
| Minimap ping | 16 |
| Item give/drop | 13 |
| Remove unit | 1 |
Alex11Chr
(18)
(50:28) : 


| Potion of Healing | 7 | 1050 |
| Potion of Mana | 7 | 1400 |
| Healing Salve | 3 | 300 |
| Lesser Clarity Potion | 4 | 280 |
| Scroll of Town Portal | 2 | 700 |
| Staff of Teleportation | 1 | 150 |
| Claws of Attack +12 | 1 | 500 |
| Potion of Invulnerability | 1 | 400 |
| Claws of Attack +6 | 1 | 125 |
| Potion of Greater Mana | 1 | 400 |
| total: | 28 | 5305g |
| Peon | 22 | 1650 | / | 0 |
| Troll Headhunter | 14 | 1960 | / | 280 |
| Raider | 16 | 2880 | / | 640 |
| Troll Berserker | 27 | 3780 | / | 540 |
| Shaman | 8 | 1040 | / | 160 |
| Troll Witch Doctor | 8 | 1160 | / | 200 |
| Goblin Shredder | 1 | 375 | / | 100 |
| total: | 96 | 12845g | / | 1920w |
| Watch Tower | 19 | 2090 | / | 1520 |
| Altar of Storms | 1 | 180 | / | 50 |
| Orc Burrow | 6 | 960 | / | 240 |
| War Mill | 1 | 205 | / | 0 |
| Barracks | 2 | 360 | / | 100 |
| Voodoo Lounge | 1 | 130 | / | 30 |
| Great Hall | 4 | 1540 | / | 740 |
| Beastiary | 1 | 145 | / | 140 |
| Spirit Lodge | 1 | 150 | / | 150 |
| Stronghold | 1 | 315 | / | 190 |
| Fortress | 1 | 325 | / | 190 |
| total: | 36 | 5760g | / | 2970w |
| 0:04 | Altar of Storms |
| 0:06 | Peon |
| 0:12 | Orc Burrow |
| 0:20 | Peon |
| 0:36 | War Mill |
| 0:45 | Peon |
| 1:04 | Peon |
| 1:25 | Barracks |
| 1:30 | Peon |
| 1:47 | Peon |
| 1:55 | Steel Ranged Weapons |
| 2:15 | Peon |
| 2:33 | Troll Headhunter |
| 2:41 | Orc Burrow |
| 2:48 | Peon |
| 2:53 | Feral Spirit |
| 3:08 | Peon |
| 3:34 | Troll Headhunter |
| 3:39 | Stronghold |
| 3:54 | Troll Headhunter |
| 4:13 | Orc Burrow |
| 4:34 | Troll Headhunter |
| 4:38 | Steel Armor |
| 4:57 | Troll Headhunter |
| 5:20 | Troll Headhunter |
| 5:23 | Chain Lighting |
| 5:36 | Staff of Teleportation |
| 5:44 | Troll Headhunter |
| 6:49 | Voodoo Lounge |
| 6:50 | Fortress |
| 7:11 | Shockwave |
| 7:34 | Orc Burrow |
| 7:41 | Goblin Shredder |
| 8:18 | Feral Spirit |
| 8:52 | Troll Headhunter |
| 8:52 | Troll Headhunter |
| 9:03 | Great Hall |
| 9:06 | Watch Tower |
| 9:08 | Watch Tower |
| 10:16 | Troll Headhunter |
| 10:41 | Potion of Healing |
| 10:42 | Potion of Mana |
| 10:56 | Healing Wave |
| 11:02 | Endurance Aura |
| 11:14 | Troll Headhunter |
| 12:13 | Troll Headhunter |
| 12:13 | Troll Headhunter |
| 12:14 | Thorium Ranged Weapons |
| 12:15 | Thorium Armor |
| 12:21 | Beastiary |
| 12:30 | Chain Lighting |
| 12:55 | Troll Regeneration |
| 12:56 | Berserker Upgrade |
| 13:19 | Shockwave |
| 14:06 | Troll Headhunter |
| 14:08 | Ensnare |
| 14:08 | Raider |
| 14:13 | Spirit Lodge |
| 14:15 | Troll Berserker |
| 14:18 | Arcanite Armor |
| 14:20 | Healing Salve |
| 14:36 | Potion of Healing |
| 14:36 | Potion of Mana |
| 14:45 | Lesser Clarity Potion |
| 14:53 | Potion of Healing |
| 15:08 | Potion of Mana |
| 15:17 | Troll Berserker |
| 15:36 | Troll Berserker |
| 15:37 | Raider |
| 15:38 | Shaman Adept Training |
| 15:39 | Witch Doctor Adept Training |
| 15:39 | Shaman |
| 15:39 | Troll Witch Doctor |
| 15:57 | Claws of Attack +12 |
| 16:11 | Potion of Invulnerability |
| 16:12 | Claws of Attack +6 |
| 16:37 | Troll Berserker |
| 16:41 | Raider |
| 16:43 | Shaman Master Training |
| 16:43 | Troll Witch Doctor |
| 16:46 | Orc Burrow |
| 17:08 | Serpent Ward |
| 17:41 | Endurance Aura |
| 17:48 | Troll Berserker |
| 17:48 | Troll Berserker |
| 17:51 | Raider |
| 17:52 | Raider |
| 17:53 | Witch Doctor Master Training |
| 17:54 | Troll Witch Doctor |
| 17:54 | Shaman |
| 19:02 | Troll Berserker |
| 19:03 | Troll Berserker |
| 19:03 | Troll Berserker |
| 19:03 | Troll Berserker |
| 19:21 | Troll Berserker |
| 19:22 | Raider |
| 19:22 | Raider |
| 19:22 | Raider |
| 19:23 | Raider |
| 19:25 | Shaman |
| 19:25 | Troll Witch Doctor |
| 19:52 | Troll Berserker |
| 19:53 | Raider |
| 19:55 | Troll Witch Doctor |
| 19:57 | Shaman |
| 20:07 | Troll Witch Doctor |
| 20:12 | Troll Berserker |
| 20:17 | Lesser Clarity Potion |
| 20:21 | Potion of Healing |
| 20:22 | Potion of Mana |
| 20:43 | Troll Witch Doctor |
| 20:43 | Troll Witch Doctor |
| 20:45 | Troll Berserker |
| 20:49 | Lesser Clarity Potion |
| 20:54 | Potion of Healing |
| 20:59 | Potion of Mana |
| 21:33 | Raider |
| 21:37 | Troll Berserker |
| 22:16 | Orc Burrow |
| 22:40 | Healing Wave |
| 23:03 | Peon |
| 23:03 | Peon |
| 23:03 | Peon |
| 23:03 | Peon |
| 23:05 | Peon |
| 23:25 | Troll Berserker |
| 23:30 | Potion of Healing |
| 23:30 | Potion of Mana |
| 23:32 | Lesser Clarity Potion |
| 24:49 | Scroll of Town Portal |
| 24:55 | Steel Melee Weapons |
| 24:56 | Arcanite Ranged Weapons |
| 24:57 | Reinforced Defenses |
| 24:57 | Spiked Barricades |
| 25:05 | Barracks |
| 25:14 | Great Hall |
| 25:17 | Watch Tower |
| 25:18 | Watch Tower |
| 25:21 | Watch Tower |
| 26:19 | Potion of Greater Mana |
| 26:58 | Chain Lighting |
| 26:59 | Chain Lighting |
| 27:02 | Chain Lighting |
| 28:04 | Serpent Ward |
| 28:29 | Earth Quake |
| 28:47 | Watch Tower |
| 28:48 | Watch Tower |
| 28:54 | Watch Tower |
| 28:55 | Watch Tower |
| 28:59 | Healing Salve |
| 29:06 | Potion of Healing |
| 29:06 | Potion of Mana |
| 29:06 | Healing Salve |
| 29:12 | Scroll of Town Portal |
| 29:19 | Shockwave |
| 30:19 | Great Hall |
| 30:23 | Watch Tower |
| 30:24 | Watch Tower |
| 30:25 | Watch Tower |
| 30:30 | Reincarnation |
| 30:46 | Watch Tower |
| 30:55 | Healing Wave |
| 30:58 | Troll Berserker |
| 30:58 | Troll Berserker |
| 30:58 | Troll Berserker |
| 32:39 | Feral Spirit |
| 33:10 | Peon |
| 34:23 | Big Bad Voodoo |
| 34:37 | Watch Tower |
| 34:54 | Peon |
| 34:59 | Peon |
| 35:04 | Troll Berserker |
| 35:05 | Raider |
| 35:07 | Shaman |
| 35:52 | Watch Tower |
| 36:27 | Endurance Aura |
| 37:09 | Watch Tower |
| 37:10 | Watch Tower |
| 37:15 | Watch Tower |
| 38:28 | Troll Berserker |
| 38:48 | Peon |
| 38:48 | Peon |
| 39:44 | Troll Berserker |
| 40:49 | Pillage |
| 40:51 | Raider |
| 40:53 | Raider |
| 42:09 | Far Sight |
| 42:18 | War Stomp |
| 42:28 | Serpent Ward |
| 42:41 | Great Hall |
| 42:44 | Watch Tower |
| 42:48 | Peon |
| 42:48 | Peon |
| 43:29 | Raider |
| 43:32 | Shaman |
| 44:35 | Troll Berserker |
| 45:30 | Peon |
| 46:18 | Shaman |
| 46:18 | Shaman |
| 46:19 | Troll Berserker |
| 46:19 | Troll Berserker |
| 46:20 | Raider |
| 48:42 | Troll Berserker |
| 48:43 | Troll Berserker |
| 50:11 | Far Sight |
| Right click | 893 |
| Select group | 618 |
| Select | 608 |
| Build/train/purchase | 216 |
| Misc. action | 129 |
| Use ability | 127 |
| Assign group | 75 |
| Minimap ping | 18 |
| Resource trade | 14 |
| Remove unit | 10 |
| Item give/drop | 5 |
| Esc | 5 |
⇛